AoeStats
← minEng [Alca Torda]

Black Forest

510352964Analyzed
4v4 RM · 11h ago on Sep 30, 2026· 59m 26s· 8 players
Game mode
Random Map
Map size
Large (8 player)
Population
200
Speed
Normal
Resources
Standard
Victory
Conquest
Starting age
Dark Age
Ending age
Imperial Age
RankedLock teamsTeams togetherTeam positionsShared explorationLock speedFull tech treeHidden civsTurbo modeCheats
Victory
Defeat
🇨🇭 Vietnamese · Switzerland
696
+19
🇨🇭 Romans · Switzerland
684
+20
🇸🇰 Britons · Slovakia
670
+20
🇬🇧 Wei · United Kingdom
663
+20
🇮🇳 Bengalis · India
843
-22
🇹🇷 Huns · Türkiye
782
-21
🇵🇹 Vikings · Portugal
720
-18
🇨🇳 Khmer · China
714
-18
madnessss86
0:51 Loom
18:33 Feudal Age
23:46 Castle Age
21:56 Double-Bit Axe
23:23 Horse Collar
26:29 Forging
26:20 Padded Archer Armor
26:11 Fletching
26:14 Gold Mining
26:41 Bow Saw
26:52 Heavy Plow
26:52 Stone Mining
28:12 Wheelbarrow
31:25 Town Watch
31:43 Bodkin Arrow
32:04 Leather Archer Armor
32:13 Caravan
35:43 Imperial Age
33:27 Masonry
33:01 Treadmill Crane
34:31 Stone Shaft Mining
36:16 Fortified Wall
35:58 Heated Shot
38:09 Chemistry
37:46 Ring Archer Armor
37:17 Bracer
37:19 Scale Mail Armor
37:55 Iron Casting
37:26 Scale Barding Armor
37:52 Thumb Ring
37:08 Elite Skirmisher
38:19 Paper Money
38:37 Hand Cart
39:00 Imperial Skirmisher
39:13 Elite Rattan Archer
43:19 Chain Mail Armor
45:34 Pikeman
46:15 Squires
55:57 Halberdier
MuchJaguar3116
0:28 Loom
14:04 Feudal Age
16:00 Double-Bit Axe
16:04 Fishing Lines
16:10 Horse Collar
21:42 Castle Age
20:09 Stone Mining
20:09 Gold Mining
22:30 Scale Barding Armor
22:25 Scale Mail Armor
22:26 Padded Archer Armor
22:36 Forging
22:16 Fletching
23:52 Bow Saw
24:41 Gold Shaft Mining
27:18 Fervor
27:11 Heavy Plow
27:04 Gillnets
28:25 Wheelbarrow
28:09 Fortified Wall
28:21 Ballistics
29:14 Town Watch
29:50 Caravan
34:15 Imperial Age
32:09 Hand Cart
31:44 Town Watch
32:05 Murder Holes
32:21 Masonry
32:35 Pikeman
33:15 Squires
32:37 Man-at-Arms
33:27 Ballistas
33:59 Town Patrol
34:12 Long Swordsman
34:22 Elite Centurion
35:24 Conscription
34:28 Elite Skirmisher
34:29 Crossbowman
36:34 Chemistry
35:31 Sappers
35:27 Halberdier
37:29 Crop Rotation
37:34 Architecture
37:51 Comitatenses
37:43 Husbandry
38:04 Bloodlines
38:30 Legionary
38:39 Imperial Skirmisher
39:27 Light Cavalry
40:48 Leather Archer Armor
40:58 Chain Mail Armor
54:28 Siege Engineers
55:01 Bodkin Arrow
55:45 Ring Archer Armor
55:58 Iron Casting
57:08 Chain Barding Armor
60:40 Plate Barding Armor
61:05 Blast Furnace
guitarluis2003
0:40 Loom
11:55 Feudal Age
12:25 Horse Collar
12:35 Double-Bit Axe
13:48 Fishing Lines
16:24 Gold Mining
18:25 Stone Mining
23:23 Castle Age
23:31 Castle Age
21:51 Forging
21:48 Scale Barding Armor
21:45 Padded Archer Armor
21:36 Fletching
24:09 Scale Mail Armor
24:04 Gillnets
24:37 Bow Saw
24:40 Heavy Plow
25:47 Gold Shaft Mining
26:10 Caravan
28:12 Husbandry
28:22 Bloodlines
30:10 Stone Shaft Mining
33:27 Imperial Age
31:44 Iron Casting
31:44 Chain Barding Armor
31:22 Bodkin Arrow
32:16 Leather Archer Armor
32:54 Thumb Ring
32:58 Tuntian
34:35 Conscription
34:48 Ming Guang Armor
34:47 Conscription
36:46 Blast Furnace
36:44 Crop Rotation
37:05 Parthian Tactics
38:04 Chemistry
37:52 Elite Tiger Cavalry
38:38 Squires
38:24 Arson
40:07 Ring Archer Armor
39:55 Bracer
46:51 Pikeman
48:52 Halberdier
58:57 Ballistics
Fortis77
5:36 Loom
11:32 Feudal Age
14:14 Town Watch
15:11 Double-Bit Axe
19:28 Castle Age
19:18 Horse Collar
23:52 Crossbowman
24:51 Heavy Plow
27:09 Gold Mining
28:24 Wheelbarrow
30:12 Gold Shaft Mining
29:30 Stone Mining
30:37 Bow Saw
31:18 Yeomen
34:51 Imperial Age
33:55 Padded Archer Armor
33:46 Fletching
34:33 Pikeman
35:16 Squires
35:24 Elite Longbowman
36:38 Caravan
38:16 Leather Archer Armor
38:06 Bodkin Arrow
38:25 Forging
38:23 Scale Mail Armor
41:33 Town Patrol
41:49 Hand Cart
42:19 Bracer
42:50 Ring Archer Armor
44:49 Ballistics
45:31 Chemistry
56:37 Halberdier
taiko
0:47 Loom
15:20 Feudal Age
15:54 Double-Bit Axe
16:12 Horse Collar
17:01 Arson
16:37 Man-at-Arms
19:11 Gold Mining
19:13 Stone Mining
24:05 Castle Age
23:06 Fletching
23:20 Padded Archer Armor
23:31 Forging
23:21 Scale Mail Armor
25:02 Bow Saw
24:54 Heavy Plow
25:33 Gold Shaft Mining
25:02 Squires
24:43 Long Swordsman
24:47 Pikeman
26:43 Ballistics
26:51 Ballistics
28:51 Chieftains
33:45 Imperial Age
33:28 Scale Mail Armor
33:39 Forging
34:55 Conscription
34:02 Two-Handed Swordsman
34:07 Heavy Scorpion
34:11 Capped Ram
36:20 Coinage
38:58 Chemistry
39:07 Chain Mail Armor
41:38 Elite Berserk
49:25 Elite Skirmisher
50:52 Elite Varangian Guard
欧皇
0:44 Loom
12:20 Feudal Age
19:25 Castle Age
17:23 Double-Bit Axe
17:32 Gold Mining
17:26 Horse Collar
19:26 Stone Mining
19:24 Town Watch
27:46 Gold Shaft Mining
29:00 Bow Saw
30:31 Wheelbarrow
31:57 Caravan
39:25 Imperial Age
38:58 Hand Cart
42:34 Conscription
44:23 Fortified Wall
44:24 Masonry
45:15 Chemistry
44:22 Siege Engineers
46:55 Onager
49:19 Scale Barding Armor
52:36 Architecture
JAS
10:57 Feudal Age
10:12 Loom
16:04 Castle Age
14:34 Double-Bit Axe
14:42 Horse Collar
16:53 Gold Mining
17:25 Stone Mining
17:51 Bow Saw
23:27 Wheelbarrow
23:52 Heavy Plow
26:43 Gold Shaft Mining
31:13 Imperial Age
29:27 Hand Cart
31:01 Squires
31:12 Scale Barding Armor
31:18 Forging
31:27 Elite Elephant Archer
31:44 Elite Skirmisher
33:37 Chain Barding Armor
34:29 Iron Casting
34:28 Husbandry
34:39 Bloodlines
33:53 Elite Battle Elephant
35:46 Two-Man Saw
35:25 Crop Rotation
35:21 Padded Archer Armor
36:13 Mahayana
36:20 Paiks
37:33 Blast Furnace
37:10 Plate Barding Armor
37:15 Scale Mail Armor
37:33 Leather Archer Armor
37:15 Fletching
37:36 Caravan
38:13 Bodkin Arrow
38:46 Conscription
37:51 Elite Ratha (Ranged)
39:18 Ring Archer Armor
38:28 Pikeman
41:10 Chain Mail Armor
40:58 Bracer
41:20 Ballistics
minEng [Alca Torda]
13:16 Feudal Age
15:29 Double-Bit Axe
16:13 Horse Collar
17:34 Loom
18:25 Wheelbarrow
18:59 Gold Mining
19:01 Stone Mining
21:09 Arson
23:33 Castle Age
25:26 Gold Shaft Mining
29:56 Imperial Age
28:20 Bow Saw
28:42 Heavy Plow
30:29 Hand Cart
31:23 Scale Barding Armor
31:28 Forging
31:20 Scale Mail Armor
31:55 Caravan
32:17 Marauders
32:13 Elite Tarkan
33:16 Conscription
35:15 Town Watch
35:39 Husbandry
35:49 Bloodlines
37:35 Town Patrol
39:16 Chain Barding Armor
39:11 Chain Mail Armor
39:32 Iron Casting
38:58 Padded Archer Armor
38:48 Fletching
40:01 Chemistry
39:21 Ballistics
38:58 Murder Holes
41:03 Plate Barding Armor
41:54 Two-Man Saw
45:58 Blast Furnace
44:55 Bodkin Arrow
45:15 Leather Archer Armor
50:44 Masonry
Connection lost

Rejoining the realm…

Still unreachable

The connection could not be restored.

Session expired

The server has moved on; the page needs a fresh start.